 Dungeon Crawl Stone Soup version 0.25.0-41-g26779e291d (webtiles) character file.

Game seed: 4024371158011222465

43 MisterFreud the Ruffian (level 3, -1/26 HPs)
             Began as a Ghoul Earth Elementalist on July 10, 2020.
             Slain by a hobgoblin (4 damage)
             ... on level 1 of the Dungeon.
             The game lasted 00:02:06 (1809 turns).

MisterFreud the Ruffian (Ghoul Earth Elementalist)  Turns: 1809, Time: 00:02:07

Health: -1/26      AC:  2    Str: 11    XL:     3   Next: 58%
Magic:  4/4        EV: 12    Int: 11    God:
Gold:   92         SH:  0    Dex:  9    Spells: 4/5 levels left

rFire    . . .     SeeInvis .     - Unarmed
rCold    + . .     Gourm    .   (no shield)
rNeg     + + +     Faith    .   c - +0 robe
rPois    ∞         Spirit   .   (no helmet)
rElec    .         Reflect  .   (no cloak)
rCorr    .         Harm     .   (no gloves)
MR       .....                  (no boots)
Stlth    ++........             (no amulet)
HPRegen  0.00/turn              (no ring)
MPRegen  0.09/turn              (no ring)

@: rotting
A: rotting body, claws 1, carnivore, cold resistance 1, negative energy
resistance 3, inhibited regeneration, torment resistance, unbreathing
a: no special abilities


You were on level 1 of the Dungeon.
You were not hungry.

You visited 1 branch of the dungeon, and saw 2 of its levels.

You collected 92 gold pieces.

Inventory:

Missiles
 b - 33 stones (quivered)
Armour
 c - a +0 robe (worn)
Scrolls
 e - a scroll of blinking {unknown}
 g - 2 scrolls of enchant armour {unknown}
 h - a scroll of noise {unknown}
 i - a scroll of remove curse {unknown}
 j - a scroll of teleportation {unknown}
 k - a scroll of identify {unknown}
 o - a scroll of immolation {unknown}
Potions
 a - a potion of berserk rage {unknown}
 f - 2 potions of magic {unknown}
 l - a potion of brilliance {unknown}
 m - a potion of flight {unknown}
Comestibles
 d - a ration


   Skills:
 - Level 1.7 Dodging
 - Level 2.1 Stealth
 + Level 3.4 Unarmed Combat
 - Level 1.7 Spellcasting
   Level 0.8 Transmutations
 - Level 3.2 Earth Magic


You had 4 spell levels left.
You knew the following spells:

 Your Spells              Type           Power        Failure   Level  Hunger
a - Sandblast             Erth           #.....       8%          1    ##.....

Your spell library contained the following spells:

 Spells                   Type           Power        Failure   Level  Hunger
 Passwall                 Tmut/Erth      #.......     19%         2    ###....
 Stone Arrow              Conj/Erth      #.....       41%         3    ####...
 Petrify                  Tmut/Erth      #.......     77%         4    #####..
 Lee's Rapid Deconstruct  Erth           #.........   91%         5    ######.


Dungeon Overview and Level Annotations

Branches:
Dungeon (2/15)

Altars:
Xom
Zin


Innate Abilities, Weirdness & Mutations

Your body is rotting away.
You thrive on raw meat.
You are immune to poison.
You have sharp fingernails.
You are carnivorous and can eat meat at any time.
Your flesh is cold resistant. (rC+)
You are immune to negative energy. (rN+++)
You do not regenerate when monsters are visible.
You are immune to unholy pain and torment.
You can survive without breathing.


Message History

You closely miss the hobgoblin. The hobgoblin closely misses you.
You barely miss the hobgoblin. The hobgoblin closely misses you.
There is a stone staircase leading up here.
The hobgoblin closely misses you.
You climb upwards.
There is a stone staircase leading down here.
You scratch the hobgoblin.
The hobgoblin is heavily wounded.
The hobgoblin closely misses you.
You scratch the hobgoblin but do no damage.
The hobgoblin is heavily wounded.
The hobgoblin hits you.
* * * LOW HITPOINT WARNING * * *
You barely miss the hobgoblin.
The hobgoblin is heavily wounded.
The hobgoblin hits you but does no damage.
You closely miss the hobgoblin.
The hobgoblin is heavily wounded.
The hobgoblin hits you.
You die...

#.... #.... ########## #..##
#.>......# ######..## ###
###.######.# #......... ###.##
#......# #.# #.####..## ##...##
#.#.##.# #.# ##.## #..## #.....#
#.#.##.###.# #...# #....
##...####.#.....@g.# #...# #....
###.####.#.###.##### #...# #####
........###.##...# ###.#######
###.####.#.#####.# #........
##'## ##.## #.# #..###### ##...##
### #.# ##..##### #.....##
######.## #.......# .......##
#.......# ##...##.##
........###..÷>#..########.......


You could see a hobgoblin.

Vanquished Creatures
  An adder (D:2)
  2 leopard geckos (D:2)
  2 giant cockroaches (D:1)
  6 goblins
  5 hobgoblins
  A quokka (D:2)
  3 bats
  4 kobolds
  4 rats
28 creatures vanquished.

Notes
Turn   | Place    | Note
-------+----------+-------------------------------------------
     0 | D:1      | MisterFreud the Ghoul Earth Elementalist began the quest
                  | for the Orb.
     0 | D:1      | Reached XP level 1. HP: 14/14 MP: 2/2
   152 | D:1      | Reached skill level 1 in Unarmed Combat
   221 | D:1      | Reached XP level 2. HP: 20/20 MP: 3/3
   512 | D:1      | You fall into a shaft and drop 1 floor!
   517 | D:2      | Found a glowing silver altar of Zin.
   517 | D:2      | Found a shimmering altar of Xom.
   517 | D:2      | Noticed an angel
   919 | D:1      | Reached XP level 3. HP: 26/26 MP: 4/4
  1809 | D:1      | Slain by a hobgoblin

Illustrated notes

Levels and vault maps discovered:
D:1:      lightli_arrival_quake, layout_loops_corners
D:2:      layout_rooms, grunt_temple_overflow_order_and_chaos_1

Skill      XL: |  1  2  3 |
---------------+----------+-----
Unarmed Combat | 1 2 3 |  3.4
Dodging        | |  1.7
Stealth        | |  2.1
Spellcasting   | |  1.7
Transmutations | |  0.8
Earth Magic    | |  3.2

Action                   || total
-------------------------++-------
Melee: Unarmed           ||   127
 Cast: Sandblast         ||     2
 Stab: Sleeping          ||     5
  Eat: Chunk             ||     5
Armor: Robe              ||    25
Dodge: Dodged            ||    75
